 Dungeon Crawl Stone Soup version 0.26-a0-259-g1effd001a9 (webtiles) character file.

Game seed: 12265178374288234726

241 Lugonue the Conjurer (level 5, -2/39 HPs)
             Began as a Draconian Conjurer on July 20, 2020.
             Killed from afar by an orc wizard (4 damage)
             ... with a magic dart
             ... on level 3 of the Dungeon.
             The game lasted 00:06:01 (2860 turns).

Lugonue the Conjurer (Draconian Conjurer)           Turns: 2860, Time: 00:06:02

Health: -2/39      AC: 11    Str: 10    XL:     5   Next: 80%
Magic:  1/19       EV: 12    Int: 19    God:
Gold:   183        SH:  0    Dex:  9    Spells: 7/10 levels left

rFire    . . .     SeeInvis .   r - staff of summoning (curse)
rCold    . . .     Faith    +   (no shield)
rNeg     . . .     Spirit   .   (armour unavailable)
rPois    .         Reflect  .   (helmet restricted)
rElec    .         Harm     .   c - +1 cloak
rCorr    .                      (no gloves)
MR       .....                  (no boots)
Stlth    ++........             p - amulet of faith
HPRegen  0.13/turn              i - +4 ring of protection
MPRegen  0.16/turn              f - ring of magical power

@: mighty, stab
A: unfitting armour, cold-blooded, AC +5
a: no special abilities


You were on level 3 of the Dungeon.
You were not hungry.

You visited 1 branch of the dungeon, and saw 3 of its levels.

You collected 183 gold pieces.

Inventory:

Hand Weapons
 o - a +1 dagger of venom
 s - a +0 long sword
Armour
 c - a +1 cloak (worn)
Magical Staves
 r - a cursed staff of summoning (weapon)
Jewellery
 e - an uncursed ring of protection from magic
 f - a ring of magical power (right hand)
 i - a +4 ring of protection (left hand)
 l - an uncursed ring of protection from cold
 p - an amulet of faith (around neck)
Scrolls
 d - 2 scrolls of identify
 g - a scroll of random uselessness
 m - a scroll of enchant armour
Potions
 q - 2 potions of haste
Comestibles
 b - 6 rations


   Skills:
 + Level 0.4 Fighting
 - Level 1.8 Dodging
 - Level 1.7 Stealth
 + Level 3.3 Spellcasting
 + Level 6.3 Conjurations


You had 7 spell levels left.
You knew the following spells:

 Your Spells              Type           Power        Failure   Level
a - Magic Dart            Conj           ####         1%          1
b - Searing Ray           Conj           ####..       1%          2

Your spell library contained the following spells:

 Spells                   Type           Power        Failure   Level
 Dazzling Flash           Conj/Hex       ###...       12%         3
 Fulminant Prism          Conj/Hex       ###.......   36%         4
 Iskenderun's Mystic Bla  Conj/Tloc      ###.....     36%         4


Dungeon Overview and Level Annotations

Branches:
Dungeon (3/15)

Altars:
Trog


Innate Abilities, Weirdness & Mutations

Your plain brown scales are hard. (AC +5)
You cannot fit into any form of body armour.
You are cold-blooded and may be slowed by cold attacks.


Message History

You finish channeling your searing ray.
The orc hits you but does no damage. The orc closely misses you.
The orc priest hits you.
* * * LOW HITPOINT WARNING * * *
Casting: Searing Ray (safe; 1% risk of failure)
Confirm with . or Enter, or press ? or * to list all spells.
Aiming: Searing Ray (safe; 1% risk of failure)
Press: ? - help, Shift-Dir - straight line, f/p - orc priest
Aim: an orc priest, wearing a +0 chain mail (almost dead)
The searing ray hits the orc priest.
You kill the orc priest! (Press . to maintain the ray.)
The orc hits you but does no damage. The orc hits you with a +0 club.
* * * LOW HITPOINT WARNING * * *
The orc wizard casts a spell.
The orc wizard blinks!
The orc misses you. The orc hits you but does no damage.
The orc wizard is no longer moving quickly.
The orc wizard gestures at you while chanting.
The magic dart hits you.
You die...

#....).......#
#.......ยง...#
.# ##....o.....#
o.#
##...o..#..#%.#
########....#
##...###
######....#
####.oo[...#####
#.....o.@.......
################


You could see an orc wizard and 3 orcs.

Vanquished Creatures
  A jelly (D:3)
  An orc priest (D:3)
  An orc wizard (D:3)
  Jessica (D:3)
  An iguana (D:2)
  4 adders
  An ooze (D:3)
  A worm (D:2)
  A dart slug (D:3)
  2 leopard geckos
  6 orcs (D:3)
  8 bats
  4 giant cockroaches
  4 goblins
  5 hobgoblins
  2 jackals (D:3)
  A frilled lizard (D:2)
  4 kobolds
  7 rats
55 creatures vanquished.

Notes
Turn   | Place    | Note
-------+----------+-------------------------------------------
     0 | D:1      | Lugonue the Draconian Conjurer began the quest for the Orb.
     0 | D:1      | Reached XP level 1. HP: 14/14 MP: 3/3
   362 | D:1      | Reached XP level 2. HP: 20/20 MP: 3/5
   829 | D:1      | Learned a level 2 spell: Searing Ray
  1109 | D:2      | Reached skill level 5 in Conjurations
  1109 | D:2      | Reached XP level 3. HP: 26/26 MP: 1/6
  1575 | D:2      | Found a bloodstained altar of Trog.
  1610 | D:2      | Reached XP level 4. HP: 33/33 MP: 7/7
  2445 | D:3      | Noticed Jessica
  2453 | D:3      | Reached skill level 6 in Conjurations
  2453 | D:3      | Reached XP level 5. HP: 31/38 MP: 7/9
  2459 | D:3      | Killed Jessica
  2860 | D:3      | Killed from afar by an orc wizard

Illustrated notes

Levels and vault maps discovered:
D:1:      lemuel_arrival_behind_the_door_small, layout_basic,
          minmay_fountain_box, serial_bayou_lagoon_b
D:2:      layout_loops_ring, overflow_temple_1_default
D:3:      layout_rooms, serial_bayou, serial_bayou_crossing,
          serial_bayou_shore_b, serial_bayou_shore_b, serial_bayou_lake_a,
          kennysheep_cluttered_room, roderic_serpentine_path, uniq_natasha,
          uniq_jessica

Skill      XL: |  1  2  3  4  5 |
---------------+----------------+-----
Conjurations   | 5 6 |  6.3
Spellcasting   | 3 |  3.3
Fighting       | |  0.4
Dodging        | |  1.8
Stealth        | |  1.7

Action                   |  1- 3 |  4- 6 || total
-------------------------+-------+-------++-------
Melee: Unarmed           |    18 |       ||    18
       Tailslap          |     3 |     1 ||     4
       Dagger            |    13 |       ||    13
       Staff             |       |    35 ||    35
 Cast: Magic Dart        |    16 |    20 ||    36
       Searing Ray       |     9 |    20 ||    29
  Use: Scroll            |       |     4 ||     4
       Potion            |       |     5 ||     5
 Stab: Sleeping          |     1 |     1 ||     2
  Eat: Ration            |     1 |     1 ||     2
Armor: Skin              |    12 |    36 ||    48
Dodge: Dodged            |    38 |    38 ||    76

Table legend:
 A = Non-vault XP
 B = Vault XP
 C = Vault XP percentage of total XP
 D = Non-vault monster count
 E = Vault monster count
 F = Vault count percentage of total count
                 A         B        C        D         E       F
            +---------+---------+-------+---------+---------+-------
      Total |     308 |      37 |  10.7 |      54 |       1 |   1.8
            +---------+---------+-------+---------+---------+-------
        D:1 |      20 |       0 |   0.0 |      11 |       0 |   0.0
        D:2 |     100 |       0 |   0.0 |      19 |       0 |   0.0
        D:3 |     188 |      37 |  16.4 |      24 |       1 |   4.0
            +---------+---------+-------+---------+---------+-------
